 Dungeon Crawl Stone Soup version 0.19-a0-1200-g056e253 (webtiles) character file.

135 GordonOverkill the Chopper (level 5, -1/45 HPs)
             Began as a Hill Orc Monk on Aug 20, 2016.
             Slain by a goblin
             ... wielding a +0 club
             ... led by Robin
              (3 damage)
             ... while paralysed by Grinder
             ... on level 3 of the Dungeon.
             The game lasted 00:06:20 (2441 turns).

GordonOverkill the Chopper (Hill Orc Monk)          Turns: 2441, Time: 00:06:20

Health: -1/45      AC:  8    Str: 15    XL:     5   Next: 18%
Magic:  5/5        EV:  2    Int: 10    God:
Gold:   132        SH:  0    Dex: 13    Spells: 0 memorised, 4 levels left

rFire  . . .     SeeInvis .     a - +0 hand axe
rCold  . . .     Gourm    .     b - +0 chain mail
rNeg   . . .     Faith    .     (no shield)
rPois  .         Spirit   .     (no helmet)
rElec  .         Dismiss  .     (no cloak)
rCorr  .         Reflect  .     (no gloves)
MR     .....     Harm     .     (no boots)
Stlth  ..........               (no amulet)
                                (no ring)
                                h - ring of flight

@: paralysed
A: no striking features
a: Evoke Flight


You were on level 3 of the Dungeon.
You were very hungry.

You visited 1 branch of the dungeon, and saw 3 of its levels.

You collected 132 gold pieces.

Inventory:

Hand Weapons
 a - a +0 hand axe (weapon)
Armour
 b - a +0 chain mail (worn)
Jewellery
 h - a ring of flight (left hand)
Wands
 g - a wand of flame (25/48)
Scrolls
 d - a scroll of amnesia
 i - a scroll of magic mapping {unknown}
Potions
 e - a potion of brilliance
 f - a potion of haste {unknown}
 j - 2 potions of ambrosia {unknown}
 k - a potion of agility {unknown}
 m - a potion of lignification {unknown}
 s - a potion of might {unknown}
 t - a potion of magic {unknown}
Comestibles
 c - 2 bread rations
 r - a beef jerky


   Skills:
 - Level 3.6 Fighting
 + Level 7.5 Axes
 - Level 2.4 Dodging
 - Level 1.5 Stealth


You had 4 spell levels left.
You didn't know any spells.

Dungeon Overview and Level Annotations

Branches:
Dungeon (3/15)

Altars:

Annotations:
D:3 Grinder


Message History

You are too injured to fight recklessly!
You are too injured to fight recklessly!
You are too injured to fight recklessly!
You are too injured to fight recklessly!
Unknown command.
Okay, then.
Okay, then.
You closely miss Grinder.
Grinder is heavily wounded.
You hit the goblin but do no damage. The goblin hits you with a club.
* * * LOW HITPOINT WARNING * * *
Grinder gestures at you.
You suddenly lose the ability to move!
The goblin hits you but does no damage. Grinder hits you.
* * * LOW HITPOINT WARNING * * *
You writhe in agony.
* * * LOW HITPOINT WARNING * * *
You hear the slow rusting of a drain nearby.
The goblin hits you with a club.
You die...

.# #.. # #.########.#
###........#.####
#...........g....# #.
#..#..#5@####.
###.##..#............
....#....<#..#....##
#..##.#.......#..#
####...#............#
#..........#####.####
..##...###### ..#
##.......# ..#
##.###.#####.# #


You could see Grinder and a goblin.

Vanquished Creatures
  Jessica (D:3)
  4 adders (D:2)
  An ooze (D:2)
  3 worms (D:2)
  3 dart slugs (D:2)
  4 giant geckos
  4 bats
  A giant cockroach (D:2)
  4 goblins
  6 hobgoblins
  6 jackals
  2 giant newts (D:2)
  9 kobolds
  2 rats
50 creatures vanquished.

Notes
Turn   | Place    | Note
-------+----------+-------------------------------------------
     0 | D:1      | GordonOverkill the Hill Orc Monk began the quest for the Orb.
     0 | D:1      | Reached XP level 1. HP: 19/19 MP: 1/1
   127 | D:1      | Reached XP level 2. HP: 16/26 MP: 2/2
   616 | D:1      | Reached skill level 5 in Axes
  1178 | D:2      | Reached XP level 3. HP: 28/31 MP: 3/3
  1470 | D:2      | Reached skill level 6 in Axes
  1481 | D:2      | Reached XP level 4. HP: 34/39 MP: 4/4
  2040 | D:2      | Reached skill level 7 in Axes
  2350 | D:3      | Noticed Jessica
  2353 | D:3      | Killed Jessica
  2353 | D:3      | Reached XP level 5. HP: 45/45 MP: 5/5
  2424 | D:3      | Noticed Grinder
  2439 | D:3      | Paralysed by Grinder for 7 turns
  2440 | D:3      | HP: 2/45 [Grinder (6)]
  2441 | D:3      | Slain by a goblin

Vault maps used:
D:1:      lemuel_arrival_behind_the_door_large
D:2:      first_bread
D:3:      lightli_sewer_entry_pipes, uniq_grinder, uniq_jessica, uniq_robin

Skill      XL: |  1  2  3  4 |
---------------+-------------+-----
Axes           | 5 6 7 |  7.5
Fighting       | |  3.6
Dodging        | |  2.4
Stealth        | |  1.5

Action                   |  1- 3 |  4- 6 || total
-------------------------+-------+-------++-------
Melee: Hand axe          |    98 |   120 ||   218
  Use: Scroll            |       |     8 ||     8
  Eat: Chunk             |     1 |     3 ||     4
Armor: Robe              |    13 |       ||    13
       Chain mail        |    37 |    57 ||    94
       Leather armour    |     2 |       ||     2
Dodge: Dodged            |    61 |    29 ||    90
